AoeStats
← LAT_Power_

Arena

509731118Analyzed
3v3 RM · 4d ago on Sep 27, 2026· 44m 38s· 6 players
Game mode
Random Map
Map size
Normal (6 player)
Population
200
Speed
Normal
Resources
Standard
Victory
Conquest
Starting age
Dark Age
Ending age
Imperial Age
RankedLock teamsTeams togetherTeam positionsShared explorationLock speedFull tech treeHidden civsTurbo modeCheats
Victory
Defeat
🇵🇪 Italians · Peru
1736
+10
🇵🇪 Mongols · Peru
1499
+19
🇵🇪 Bohemians · Peru
1438
+22
🇲🇽 Khmer · Mexico
1677
-21
🇺🇸 Saracens · United States
1558
-16
🇲🇽 Bengalis · Mexico
1505
-14
$BlackHeart$
11:25 Feudal Age
14:57 Castle Age
13:01 Double-Bit Axe
13:36 Horse Collar
16:21 Bow Saw
18:00 Loom
22:30 Fletching
23:33 Wheelbarrow
24:30 Bodkin Arrow
25:45 Ballistics
27:40 Hand Cart
27:27 Heavy Plow
31:35 Imperial Age
30:22 Padded Archer Armor
31:37 Leather Archer Armor
31:47 Elite Mangudai
32:32 Bracer
33:36 Chemistry
33:19 Thumb Ring
32:59 Onager
34:57 Drill
35:27 Siege Onager
40:58 Siege Engineers
ZEAN430
10:35 Feudal Age
14:28 Castle Age
13:04 Double-Bit Axe
14:31 Horse Collar
15:25 Bow Saw
15:29 Loom
18:28 Chemistry
25:25 Wheelbarrow
37:45 Imperial Age
35:50 Scale Mail Armor
36:00 Forging
35:51 Padded Archer Armor
37:08 Squires
36:53 Arson
36:30 Pikeman
37:41 Leather Archer Armor
37:42 Chain Mail Armor
37:37 Forging
38:50 Forging
38:21 Halberdier
39:28 Heavy Plow
40:52 Two-Man Saw
43:39 Plate Mail Armor
43:45 Iron Casting
43:20 Capped Ram
W_DPINT003
10:28 Feudal Age
11:10 Double-Bit Axe
11:25 Horse Collar
14:07 Castle Age
15:09 Bow Saw
15:02 Heavy Plow
15:54 Stone Mining
22:54 Fletching
23:22 Loom
27:08 Bodkin Arrow
28:04 Padded Archer Armor
31:16 Wheelbarrow
34:31 Imperial Age
33:13 Gold Mining
33:39 Hand Cart
33:58 Scale Barding Armor
35:26 Leather Archer Armor
36:43 Chemistry
35:44 Bracer
35:51 Thumb Ring
36:19 Conscription
38:18 Ring Archer Armor
37:59 Forging
37:44 Town Watch
38:31 Crop Rotation
39:12 Ballistics
39:24 Chain Barding Armor
38:31 Light Cavalry
39:22 Bloodlines
39:12 Husbandry
39:51 Hussar
42:09 Plate Barding Armor
42:10 Iron Casting
43:58 Masonry
43:29 Treadmill Crane
43:33 Elite Genoese Crossbowman
45:18 Blast Furnace
MZTK | Evil Xandro
10:02 Feudal Age
9:08 Loom
9:21 Loom
13:41 Castle Age
11:50 Loom
12:16 Double-Bit Axe
15:20 Bow Saw
16:14 Redemption
18:37 Sanctity
19:44 Fervor
22:16 Town Watch
28:30 Horse Collar
30:32 Wheelbarrow
31:42 Hand Cart
36:50 Imperial Age
34:41 Heavy Plow
35:28 Ballistics
35:32 Fletching
35:56 Elite Skirmisher
36:35 Bodkin Arrow
36:41 Padded Archer Armor
37:06 Gold Mining
37:07 Stone Mining
38:15 Conscription
37:59 Bracer
39:00 Chemistry
39:19 Mahayana
41:00 Leather Archer Armor
40:59 Bloodlines
40:49 Husbandry
40:10 Light Cavalry
41:12 Scale Barding Armor
42:42 Two-Man Saw
43:26 Chain Barding Armor
43:16 Forging
43:37 Ring Archer Armor
LAT_Power_
8:43 Feudal Age
11:25 Loom
14:31 Castle Age
12:57 Double-Bit Axe
22:10 Imperial Age
21:00 Bow Saw
22:29 Padded Archer Armor
23:57 Chemistry
42:03 Light Cavalry
MztK | SpAwN
9:39 Feudal Age
10:06 Horse Collar
15:34 Castle Age
13:35 Double-Bit Axe
16:35 Bow Saw
16:41 Heavy Plow
18:21 Wheelbarrow
20:58 Hand Cart
23:17 Gold Mining
25:13 Gold Shaft Mining
28:26 Imperial Age
25:42 Loom
26:32 Stone Mining
28:08 Stone Shaft Mining
28:33 Husbandry
28:43 Bloodlines
28:48 Elite Ballista Elephant
32:29 Siege Engineers
32:45 Ballistics
33:26 Chemistry
33:40 Scale Barding Armor
35:45 Chain Barding Armor
38:12 Plate Barding Armor
37:49 Forging
37:14 Light Cavalry
38:05 Hussar
38:53 Fletching
41:09 Onager
Connection lost

Rejoining the realm…

Still unreachable

The connection could not be restored.

Session expired

The server has moved on; the page needs a fresh start.